 Dungeon Crawl Stone Soup version 0.18-a0-1692-g516f9e9 (webtiles) character file.

7676 4thArraOfDagon the Cleaver (level 11, -7/90 HPs)
             Began as a Hill Orc Berserker on Apr 5, 2016.
             Was an Elder of Trog.
             Killed by divine providence
             ... invoked by an orc high priest
              (13 damage)
             ... on level 1 of the Orcish Mines.
             The game lasted 00:11:09 (2502 turns).

4thArraOfDagon the Cleaver (Hill Orc Berserker)     Turns: 2502, Time: 00:11:10

Health: -7/90      AC: 25    Str: 24    XL:     11   Next: 19%
Magic:  13/13      EV:  2    Int:  7    God:    Trog [****..]
Gold:   378        SH:  0    Dex:  9    Spells: 0 memorised, 10 levels left

rFire  . . .     SeeInvis .     L - +0 battleaxe
rCold  . . .     Gourm    .     g - +0 plate armour
rNeg   . . .     Faith    .     (shield currently unavailable)
rPois  +         Spirit   .     a - -1 helmet
rElec  .         Dismiss  .     K - +0 cloak
rCorr  .         Reflect  .     p - +0 pair of gloves
SustAt .         Harm     .     o - +0 pair of boots
MR     ++...                    f - amulet of regeneration
Stlth  ..........               d - ring of poison resistance
                                I - +3 ring of protection

@: exhausted, regenerating, slowed, very slow, very resistant to hostile
enchantments, extremely unstealthy
A: rough black scales 1, frail 1, low mp 1
a: Berserk, Trog's Hand, Brothers in Arms, Burn Spellbooks, Renounce Religion,
Convert to Beogh


You were on level 1 of the Orcish Mines.
You worshipped Trog.
Trog was greatly pleased with you.
You were very hungry.

You visited 2 branches of the dungeon, and saw 13 of its levels.

You collected 378 gold pieces.

Inventory:

Hand Weapons
 u - a +0 war axe
 H - a +1 scimitar of flaming
 L - a +0 battleaxe (weapon)
Missiles
 C - 2 throwing nets (quivered)
Armour
 a - a -1 helmet (worn)
 g - a +0 plate armour (worn)
 o - a +0 pair of boots (worn)
 p - a +0 pair of gloves (worn)
 K - a +0 cloak (worn)
 Q - a troll hide
Jewellery
 d - a ring of poison resistance (right hand)
 f - an amulet of regeneration (around neck)
 w - a cursed amulet of inaccuracy {unknown}
 I - a +3 ring of protection (left hand)
Wands
 v - a wand of digging (18/24)
 x - a wand of acid (9/15)
 y - a wand of polymorph (13/24)
 D - a wand of disintegration (9/24)
 M - a wand of lightning (8/15)
 P - a wand of disintegration (17/24)
Scrolls
 e - 2 scrolls of remove curse
 i - a scroll of amnesia
 n - a scroll of teleportation
 r - a scroll of recharging
 A - a scroll of fog
 B - a scroll of identify
 E - a scroll of holy word {unknown}
 G - a scroll of blinking {unknown}
 N - a scroll of immolation {unknown}
 O - a scroll of fear {unknown}
Potions
 h - a potion of heal wounds {unknown}
 j - 2 potions of brilliance {unknown}
 l - 2 potions of curing {unknown}
 t - 2 potions of might {unknown}
 z - a potion of degeneration {unknown}
 J - a potion of ambrosia {unknown}
Books
 m - a book of Dreams

   Spells                             Type                      Level
   a - Ensorcelled Hibernation        Hexes/Ice                    2
   b - Silence                        Hexes/Air                    5
   c - Darkness                       Hexes                        6
   d - Shadow Creatures               Summoning                    6
   Trog disapproves of the use of such an item.
Miscellaneous
 F - a plain deck of summoning
Comestibles
 b - 4 meat rations
 c - 5 bread rations
 k - 2 slices of pizza
 q - 2 beef jerkies
 s - 8 chunks of flesh


   Skills:
 + Level 10.4 Fighting
 * Level 14.5 Axes
 + Level 8.9 Armour
 - Level 1.5 Dodging
 + Level 5.5 Evocations


You had 10 spell levels left.
You didn't know any spells.

Dungeon Overview and Level Annotations

Branches:
Dungeon (12/15)            Temple (0/1) D:4            Lair (0/8) D:11
    Orc (1/2) D:11

Altars:
Elyvilon
Xom
Zin

Annotations:
D:3 4thArraOfDagon's ghost, weakling HOBe
Orc:1 Fannar


Innate Abilities, Weirdness & Mutations

You are partially covered in rough black scales (AC +4, Dex -1).
You are frail (-10% HP).
Your magical capacity is low (-10% MP).


Message History

Unknown command.
You feel a strong urge to attack something.
Unknown command.
Unknown command.
Unknown command.
You are no longer berserk.
You are exhausted.
You feel yourself slow down.
You are feeling very hungry.
The orc sorcerer casts a spell at you. The bolt of fire misses you.
The orc warrior hits you but does no damage.
There is a staircase back to the Dungeon, spattered with blood here.
Unknown command.
Unknown command.
Unknown command.
Unknown command.
The orc high priest mumbles some strange prayers to Beogh against you.
Beogh smites you!
You die...

....##.......
......#.....##
.$...........#
............#
......#.....## ..
.............##..#
..............#...
......#..)[..o.#..
.......).@..o.....
...>...#C#.oo.o...
.........(.o.....$
..........(#.....
..................
.................#
................>.
>........e#.......
.................


You could see an ettin, an orc high priest, 3 orc warriors and 2 orcs.

Vanquished Creatures
  Erica (D:10)
  An orc knight (Orc:1)
  A hill giant (D:10)
  Pikel (D:6)
  An orc sorcerer (Orc:1)
  A centaur skeleton (D:11)
  A komodo dragon (D:11)
  A troll (Orc:1)
  Grinder (D:6)
  Sigmund (D:6)
  A vampire (D:11)
  A wyvern (D:12)
  Eustachio (D:6)
  4 yaks (D:10)
  A hippogriff (D:10)
  Menkaure (D:6)
  A mottled dragon (D:11)
  3 wargs
  2 orc warriors
  2 ice beasts
  A phantom (D:9)
  A sky beast (D:9)
  A slave (D:6)
  4 ogres
  A centaur (D:6)
  3 wolves (D:9)
  2 giant frogs (D:6)
  A gnoll sergeant (D:9)
  A wyvern skeleton (D:9)
  A water moccasin zombie (D:5)
  3 killer bees (D:11)
  4 wights (D:9)
  2 crimson imps
  4 hounds
  A quasit (D:11)
  3 jellies
  3 orc priests
  4 iguanas
  6 orc wizards
  3 hound skeletons
  A howler monkey skeleton (D:11)
  4 gnolls (D:9)
  6 adders
  2 adder skeletons
  2 worms
  2 giant geckos (D:3)
  16 orcs
  A bat (D:3)
  3 giant cockroaches
  2 goblins (D:1)
  4 jackals (D:2)
  3 quokkas
  3 giant newts
  2 kobolds
  2 rats (D:1)
129 creatures vanquished.

Notes
Turn   | Place    | Note
--------------------------------------------------------------
     0 | D:1      | 4thArraOfDagon the Hill Orc Berserker began the quest for the Orb.
     0 | D:1      | Reached XP level 1. HP: 19/19 MP: 1/1
   185 | D:2      | Reached XP level 2. HP: 27/27 MP: 2/2
   348 | D:4      | Noticed an ogre
   366 | D:4      | Killed an ogre
   366 | D:4      | Reached skill level 5 in Axes
   366 | D:4      | Reached XP level 3. HP: 13/34 MP: 3/3
   366 | D:4      | Reached XP level 4. HP: 15/41 MP: 4/4
   369 | D:4      | Reached XP level 5. HP: 19/47 MP: 5/5
   389 | D:4      | Found a staircase to the Ecumenical Temple.
   410 | D:4      | Reached skill level 6 in Axes
   544 | D:3      | Reached ** piety under Trog
   553 | D:3      | Reached skill level 5 in Fighting
   575 | D:3      | Noticed 4thArraOfDagon's ghost (weakling HOBe)
   719 | D:5      | Entered Level 5 of the Dungeon
   796 | D:5      | Reached XP level 6. HP: 56/56 MP: 6/6
   817 | D:5      | Noticed an angel
   818 | D:5      | Found a glowing silver altar of Zin.
   832 | D:5      | Found a shimmering altar of Xom.
   904 | D:6      | Noticed Sigmund
   904 | D:6      | Noticed Grinder
   904 | D:6      | Noticed Eustachio
   904 | D:6      | Noticed an orc warrior
   914 | D:5      | Killed an orc warrior
   914 | D:5      | Reached skill level 7 in Axes
   957 | D:5      | Noticed an ice beast
   963 | D:5      | Killed an ice beast
   963 | D:5      | Reached XP level 7. HP: 62/62 MP: 7/7
   966 | D:5      | Reached skill level 8 in Axes
  1011 | D:6      | Noticed Menkaure
  1013 | D:6      | Killed Eustachio
  1013 | D:6      | Reached skill level 9 in Axes
  1013 | D:6      | Reached skill level 5 in Armour
  1013 | D:6      | Reached XP level 8. HP: 71/71 MP: 8/8
  1014 | D:6      | Killed Grinder
  1096 | D:6      | Killed Menkaure
  1098 | D:6      | Killed Sigmund
  1098 | D:6      | Reached skill level 10 in Axes
  1117 | D:6      | Found a white marble altar of Elyvilon.
  1181 | D:6      | Noticed Pikel
  1188 | D:6      | Killed Pikel
  1188 | D:6      | Reached skill level 11 in Axes
  1188 | D:6      | Reached XP level 9. HP: 81/81 MP: 9/9
  1518 | D:9      | Reached skill level 1 in Evocations
  1552 | D:9      | Reached *** piety under Trog
  1611 | D:9      | Reached skill level 12 in Axes
  1644 | D:9      | Gained mutation: You are partially covered in rough black scales (AC +4, Dex -1). [mutagenic meat]
  1645 | D:9      | Gained mutation: You are frail (-10% HP). [mutagenic meat]
  1646 | D:9      | Gained mutation: Your magical capacity is low (-10% MP). [mutagenic meat]
  1724 | D:10     | Entered Level 10 of the Dungeon
  1824 | D:10     | Reached XP level 10. HP: 26/81 MP: 9/11
  1840 | D:10     | Noticed Erica
  1885 | D:10     | Killed Erica
  1885 | D:10     | Reached skill level 13 in Axes
  1951 | D:10     | Noticed a hill giant
  1958 | D:10     | Killed a hill giant
  2187 | D:11     | Found a staircase to the Orcish Mines.
  2247 | D:11     | Reached skill level 10 in Fighting
  2334 | D:11     | Found a staircase to the Lair.
  2348 | D:11     | Reached skill level 14 in Axes
  2395 | Orc:1    | Entered Level 1 of the Orcish Mines
  2395 | Orc:1    | Noticed an orc knight
  2407 | Orc:1    | Killed an orc knight
  2407 | Orc:1    | Reached skill level 5 in Evocations
  2407 | Orc:1    | Reached XP level 11. HP: 83/90 MP: 13/13
  2409 | Orc:1    | Reached **** piety under Trog
  2420 | Orc:1    | Noticed an orc sorcerer
  2422 | Orc:1    | Paralysed by an orc sorcerer for 3 turns
  2489 | Orc:1    | Killed an orc sorcerer
  2490 | Orc:1    | Noticed an orc sorcerer
  2491 | Orc:1    | Noticed an ettin
  2496 | Orc:1    | Noticed Fannar
  2498 | Orc:1    | Noticed an orc high priest
  2498 | Orc:1    | HP: 1/135 [ettin/dire flail (20)]
  2502 | Orc:1    | Killed from afar by an orc high priest

Vault maps used:
D:1:      dpeg_arrival_rhombus
D:2:      lemuel_doored_altar, grunt_temple_overflow_diamond, first_bread,
          uniq_iyjb, uniq_natasha
D:3:      st_stairs_9, kennysheep_generic_room_10
D:4:      lightli_temple_of_fire, minmay_temple_entry_hall, serial_glass,
          glass_columns_a, glass_columns_b, due_unseen_surprise,
          minmay_strange_pillars
D:5:      grunt_temple_overflow_order_and_chaos_1, serial_park_tiny_2,
          kennysheep_generic_room_4
D:6:      kennysheep_little_box, uniq_crazy_yiuf_cottage, uniq_sigmund,
          uniq_grinder, uniq_eustachio, uniq_menkaure, uniq_pikel
D:7:      gammafunk_temple_overflow_wave
D:8:      serial_shops, shop
D:9:      old_standard_altar, lemuel_coloured_pillars_altar,
          hangedman_little_slice_of_home, uniq_grum
D:10:     enter_trove_6, uniq_erica
D:11:     erik_lair_orcish_takeover, orc_0_dummy
Orc:1:    portal_ice_cave_entry_pillars_01, uniq_josephine, uniq_snorg,
          uniq_fannar

Skill      XL: |  1  2  3  4  5  6  7  8  9 10 |
---------------+-------------------------------+-----
Fighting       | 4 5 6 7 9 10 | 10.4
Axes           | 5 6 7 9 11 12 14 | 14.5
Armour         | 3 4 5 6 7 8 |  8.9
Evocations     | 3 5 |  5.5
Dodging        | |  1.5

Action                   |  1- 3 |  4- 6 |  7- 9 | 10-12 || total
-------------------------+-------+-------+-------+-------++-------
Melee: Hand axe          |    37 |   131 |       |       ||   168
       War axe           |       |     5 |   171 |    82 ||   258
       Battleaxe         |       |       |       |    50 ||    50
Invok: Berserk           |     3 |     3 |     6 |     6 ||    18
       Trog's Hand       |       |       |     1 |     5 ||     6
  Use: Potion            |     1 |       |       |       ||     1
       Scroll            |       |       |     3 |     3 ||     6
  Eat: Chunk             |       |     7 |    11 |     9 ||    27
